 Dungeon Crawl Stone Soup version 0.29.1-15-g9cfb28693d (webtiles) character file.

Game seed: 4616390534085002711

581 croobank the Firebug (level 7, 0/51 HPs)
             Began as a Gnoll Fire Elementalist on Apr 25, 2023.
             Was a Believer of Nemelex Xobeh.
             Succumbed to a water moccasin's poison
             ... on level 5 of the Dungeon.
             The game lasted 00:16:03 (5925 turns).

croobank the Firebug (Gnoll Fire Elementalist)      Turns: 5925, Time: 00:16:03

Health: 0/51       AC:  6    Str:  5 (7)  XL:     7   Next: 36%
Magic:  6/15       EV: 13    Int: 14 (16) God:    Nemelex Xobeh [**....]
Gold:   42         SH:  0    Dex: 10 (13) Spells: 11/17 levels left

rFire   . . .      SeeInvis +   z - +0 dagger (speed)
rCold   . . .      Faith    .   (no shield)
rNeg    . . .      Spirit   .   f - +0 robe
rPois   .          Reflect  .   o - +0 helmet {SInv}
rElec   .          Harm     .   (no cloak)
rCorr   .          Rampage  .   u - +2 pair of gloves
Will    .....                   (no boots)
Stlth   +++.......              m - amulet of regeneration
HPRegen 1.77/turn               (no ring)
MPRegen 0.14/turn               (no ring)

@: mighty, lethally poisoned (0 -> -2), hasted, very quick
A: fangs 1, strong nose, distributed training, regeneration 1
a: Renounce Religion, Draw Escape, Draw Destruction, Draw Summoning


You were on level 5 of the Dungeon.
You worshipped Nemelex Xobeh.
Nemelex Xobeh was pleased with you.
You visited 1 branch of the dungeon, and saw 5 of its levels.

You collected 276 gold pieces.
You spent 234 gold pieces at shops.

Inventory:

Hand Weapons
 a - a +1 dagger of venom
 b - a +0 sling of flaming
 n - a +3 long sword
 z - a +0 dagger of speed (weapon)
Missiles
 c - 19 poisoned darts
 r - 7 javelins
 A - 2 throwing nets (quivered)
Armour
 d - a +0 ring mail
 f - a +0 robe (worn)
 o - a +0 helmet of see invisible (worn)
 u - a +2 pair of gloves (worn)
 G - a +1 robe of positive energy
Magical Staves
 s - a staff of air
Jewellery
 h - a ring of magical power
 m - an amulet of regeneration (around neck)
 t - a ring of see invisible
 E - an amulet of guardian spirit
Scrolls
 l - a scroll of identify
 p - 2 scrolls of immolation
 w - 4 scrolls of poison
Potions
 j - 2 potions of brilliance
 q - a potion of haste
 v - a potion of mutation
 x - 4 potions of flight
 y - a potion of magic


   Skills:
 + Level 2.5 Fighting
 + Level 2.5 Short Blades
 + Level 2.5 Long Blades
 + Level 2.5 Axes
 + Level 2.5 Maces & Flails
 + Level 2.5 Polearms
 + Level 2.5 Staves
 + Level 2.5 Ranged Weapons
 + Level 2.5 Throwing
 + Level 2.5 Armour
 + Level 5.2 Dodging
 + Level 4.9 Stealth
 + Level 2.5 Shields
 + Level 2.5 Unarmed Combat
 + Level 5.6 Spellcasting
 + Level 3.0 Conjurations
 + Level 2.0 Hexes
 + Level 2.0 Summonings
 + Level 2.0 Necromancy
 + Level 2.0 Translocations
 + Level 2.0 Transmutations
 + Level 5.8 Fire Magic
 + Level 2.0 Ice Magic
 + Level 2.0 Air Magic
 + Level 2.0 Earth Magic
 + Level 2.0 Poison Magic
 + Level 2.8 Invocations
 + Level 2.5 Evocations


You had 11 spell levels left.
You knew the following spells:

 Your Spells              Type           Power      Damage    Failure   Level
a - Foxfire               Conj/Fire      64%        2x1d7     2%          1
b - Scorch                Fire           40%        2d7       2%          2
c - Inner Flame           Hex/Fire       15%        N/A       10%         3

Your spell library contained the following spells:

 Spells                   Type           Power      Damage    Failure   Level
 Conjure Flame            Conj/Fire      16%        6-21      8%          3
 Gell's Gravitas          Tloc           9%         N/A       21%         3
 Lesser Beckoning         Tloc           9%         N/A       21%         3
 Teleport Other           Tloc           9%         N/A       21%         3
 Flame Wave               Conj/Fire      16%        2d7       26%         4


Dungeon Overview and Level Annotations

Branches:
Dungeon (5/15)             Temple (0/1) D:4

Altars:
Nemelex Xobeh
Uskayaw
Yredelemnul

Shops:
D:3 [


Innate Abilities, Weirdness & Mutations

You have very sharp teeth.
Your uncanny sense of smell can sniff out nearby items.
Your experience applies equally to all skills.
Your natural rate of healing is unusually fast.


Message History

Press: ? - help, Shift-Dir - straight line, f - adder
Aim: an adder Your orb of destruction hits a rock wall.
The deck of cards glows with a rainbow of weird colours and disappears.
The water moccasin bites you!
* * * LOW HITPOINT WARNING * * *
The orc hits you but does no damage. The adder bites you but does no damage.
Okay, then.
You puncture the water moccasin!
The water moccasin is moderately wounded.
The water moccasin bites you!
* * * LOW HITPOINT WARNING * * *
You are lethally poisoned!
The water moccasin poisons you!
Okay, then.
Okay, then.
Casting: Scorch (safe; 2% risk of failure)
Confirm with . or Enter, or press ? or * to list all spells.
You don't know that spell.
Unknown command.
Casting: Scorch (safe; 2% risk of failure)
Confirm with . or Enter, or press ? or * to list all spells.
You don't know that spell.
Unknown command.
Casting: Scorch (safe; 2% risk of failure)
Confirm with . or Enter, or press ? or * to list all spells.
Okay, then.
You hit the orc.
The orc is severely wounded.
* * * LOW HITPOINT WARNING * * *
You feel sick. The adder misses you. The orc barely misses you.
Casting: Scorch (safe; 2% risk of failure)
Confirm with . or Enter, or press ? or * to list all spells.
Flames lash the adder.
You kill the adder!
* * * LOW HITPOINT WARNING * * *
You feel sick. The water moccasin misses you.
Okay, then.
You die...
Your body disappears without a glow.

?...............
..........h.......#
..................#
.................#
................#
......$..§.....#
#.)...§§..§...###∆
##$...>§§.......#.#
......§§§§§@.......
####.§§§oS§##..<#..
.....§§§so## ..#
.....#§§§§# .#
#######§### #
##...# .......
....... .......


You could see a water moccasin, a hound (wandering) and an orc.

Vanquished Creatures
  A black bear (D:5)
  A jelly (D:4)
  An iguana (D:4)
  A scorpion zombie (D:4)
  2 orc wizards (D:5)
  Natasha (thrice) (D:2)
  A hound zombie (D:4)
  Robin (D:2)
  8 gnolls
  6 adders
  A dart slug (D:5)
  3 worms
  6 orcs
  5 ball pythons
  5 bats
  12 endoplasms
  2 giant cockroaches
  24 goblins
  12 hobgoblins
  19 kobolds
  A quokka (D:1)
  4 frilled lizards
  3 rats
122 creatures vanquished.

Vanquished Creatures (others)
  An orc (D:5)
  157 foxfires
  A plant (D:4)
159 creatures vanquished.

Grand Total: 281 creatures vanquished

Notes
Turn   | Place    | Note
-------+----------+-------------------------------------------
     0 | D:1      | croobank the Gnoll Fire Elementalist began the quest for
                  | the Orb.
     0 | D:1      | Reached XP level 1. HP: 13/13 MP: 6/6
   163 | D:1      | Reached XP level 2. HP: 19/19 MP: 5/7
   166 | D:1      | Learned a level 2 spell: Scorch
   567 | D:1      | Reached skill level 5 in Spellcasting
   567 | D:1      | Reached XP level 3. HP: 25/25 MP: 5/9
   864 | D:1      | Reached skill level 1 in Invocations
  1358 | D:2      | Noticed Robin
  1435 | D:1      | Reached skill level 1 in Fighting
  1435 | D:1      | Reached skill level 1 in Short Blades
  1435 | D:1      | Reached skill level 1 in Long Blades
  1435 | D:1      | Reached skill level 1 in Axes
  1435 | D:1      | Reached skill level 1 in Maces & Flails
  1435 | D:1      | Reached skill level 1 in Polearms
  1435 | D:1      | Reached skill level 1 in Staves
  1435 | D:1      | Reached skill level 1 in Ranged Weapons
  1435 | D:1      | Reached skill level 1 in Throwing
  1435 | D:1      | Reached skill level 1 in Armour
  1435 | D:1      | Reached skill level 1 in Shields
  1435 | D:1      | Reached skill level 1 in Unarmed Combat
  1435 | D:1      | Reached skill level 1 in Evocations
  1517 | D:2      | Killed Robin
  1518 | D:2      | Reached XP level 4. HP: 32/32 MP: 1/11
  1701 | D:1      | Learned a level 3 spell: Inner Flame
  1827 | D:2      | Reached skill level 1 in Hexes
  1827 | D:2      | Reached skill level 1 in Summonings
  1827 | D:2      | Reached skill level 1 in Necromancy
  1827 | D:2      | Reached skill level 1 in Translocations
  1827 | D:2      | Reached skill level 1 in Transmutations
  1827 | D:2      | Reached skill level 1 in Ice Magic
  1827 | D:2      | Reached skill level 1 in Air Magic
  1827 | D:2      | Reached skill level 1 in Earth Magic
  1827 | D:2      | Reached skill level 1 in Poison Magic
  1967 | D:2      | Noticed Natasha
  1971 | D:2      | Killed Natasha
  1972 | D:2      | Reached XP level 5. HP: 37/37 MP: 7/12
  2021 | D:2      | Found a faded altar of an unknown god.
  2023 | D:2      | Noticed Natasha
  2027 | D:2      | Killed Natasha
  2113 | D:2      | Noticed Natasha
  2116 | D:2      | Killed Natasha
  2513 | D:2      | Prayed at the altar of an unknown god.
  2513 | D:2      | Became a worshipper of Nemelex Xobeh the Trickster
  2513 | D:2      | Reached * piety under Nemelex Xobeh
  2513 | D:2      | Received a gift from Nemelex Xobeh
  3131 | D:3      | Found a sparkling altar of Nemelex Xobeh.
  3136 | D:3      | Found a hide-covered altar of Uskayaw.
  3289 | D:3      | Found Suaptoecvo's Antique Armour Emporium.
  3443 | D:3      | Bought a pair of embroidered gloves for 157 gold pieces
  3484 | D:3      | Reached XP level 6. HP: 44/44 MP: 8/13
  4108 | D:3      | Reached ** piety under Nemelex Xobeh
  4322 | D:4      | Reached skill level 5 in Dodging
  4760 | D:4      | Found a staircase to the Ecumenical Temple.
  5604 | D:4      | Found a basalt altar of Yredelemnul.
  5812 | D:3      | Bought an embroidered robe for 77 gold pieces
  5853 | D:5      | Entered Level 5 of the Dungeon
  5881 | D:5      | Noticed a black bear
  5881 | D:5      | Noticed a water moccasin
  5886 | D:5      | Gained mutation: Your natural rate of healing is unusually
                  | fast. [potion of mutation]
  5890 | D:5      | HP: 1/44 [orc/+0 mace (6)]
  5894 | D:5      | Reached XP level 7. HP: 7/50 MP: 15/15
  5922 | D:5      | HP: 2/51 [water moccasin (8)]
  5925 | D:5      | Succumbed to a water moccasin's poison

Illustrated notes

Levels and vault maps discovered:
D:1:      dpeg_arrival_tiny_j, layout_basic
D:2:      layout_basic, ebering_ecumenical_altar_sacrificial, uniq_natasha,
          uniq_robin
D:3:      layout_basic, mainiacjoe_overflow_big_doors, serial_shops,
          nicolae_shop_competitors_out_of_business
D:4:      corexii_shantytown, layout_loops_ring,
          lemuel_zombie_altar_yredelemnul, minmay_temple_entry_poolview
D:5:      layout_basic, lemuel_doored_altar, uniq_ijyb, uniq_grinder

Skill      XL: |  1  2  3  4  5  6  7 |
---------------+----------------------+-----
Conjurations   | 2 3 |  3.0
Spellcasting   | 5 |  5.6
Invocations    | 1 2 |  2.8
Fighting       | 1 2 |  2.5
Short Blades   | 1 2 |  2.5
Long Blades    | 1 2 |  2.5
Axes           | 1 2 |  2.5
Maces & Flails | 1 2 |  2.5
Polearms       | 1 2 |  2.5
Staves         | 1 2 |  2.5
Ranged Weapons | 1 2 |  2.5
Throwing       | 1 2 |  2.5
Armour         | 1 2 |  2.5
Shields        | 1 2 |  2.5
Unarmed Combat | 1 2 |  2.5
Evocations     | 1 2 |  2.5
Hexes          | 1 2 |  2.0
Summonings     | 1 2 |  2.0
Necromancy     | 1 2 |  2.0
Translocations | 1 2 |  2.0
Transmutations | 1 2 |  2.0
Ice Magic      | 1 2 |  2.0
Air Magic      | 1 2 |  2.0
Earth Magic    | 1 2 |  2.0
Poison Magic   | 1 2 |  2.0
Dodging        | 5 |  5.2
Stealth        | |  4.9
Fire Magic     | |  5.8

Action                   |  1- 3 |  4- 6 |  7- 9 || total
-------------------------+-------+-------+-------++-------
Melee: Dagger            |    14 |    24 |     3 ||    41
       Bite              |     2 |     1 |     1 ||     4
       Sling             |       |       |     2 ||     2
 Fire: Sling             |       |    37 |       ||    37
 Cast: Foxfire           |    32 |    59 |       ||    91
       Scorch            |    22 |    66 |     6 ||    94
Invok: Draw Destruction  |       |     1 |     2 ||     3
       Draw Escape       |       |     1 |       ||     1
  Use: Scroll            |       |     4 |     4 ||     8
       Potion            |       |     8 |     2 ||    10
 Stab: Sleeping          |       |     1 |       ||     1
Armor: Robe              |     5 |    17 |    12 ||    34
       Skin              |       |     3 |       ||     3
Dodge: Dodged            |    37 |    52 |    28 ||   117
